 Dungeon Crawl Stone Soup version 0.29-a0-243-g602b31c20e (webtiles) character file.

Game seed: 16564571938873419659

2538 sammy202020 the Skirmisher (level 9, -4/72 HPs)
             Began as a Demonspawn Berserker on Mar 5, 2022.
             Was a Priest of Trog.
             Slain by a yak (11 damage)
             ... on level 9 of the Dungeon.
             The game lasted 00:13:21 (4699 turns).

sammy202020 the Skirmisher (Demonspawn Berserker)   Turns: 4699, Time: 00:13:22

Health: -4/72      AC: 12    Str: 21    XL:     9   Next: 30%
Magic:  9/9        EV: 13    Int: 10    God:    Trog [***...]
Gold:   370        SH:  0    Dex: 12    Spells: 8/8 levels left

rFire   . . .      SeeInvis +   a - +1 hand axe (vorpal)
rCold   . . .      Faith    .   (no shield)
rNeg    . . .      Spirit   .   u - +3 leather armour
rPois   .          Reflect  .   f - +2 helmet {SInv}
rElec   .          Harm     .   x - +1 cloak {rCorr}
rCorr   +          Rampage  .   (no gloves)
Will    +....                   (no boots)
Stlth   +.........              b - amulet of regeneration
HPRegen 1.02/turn               e - ring of willpower
MPRegen 0.11/turn               (no ring)

@: no status effects
A: hooves 2, powered by death 2
a: Renounce Religion, Berserk, Trog's Hand


You were on level 9 of the Dungeon.
You worshipped Trog.
Trog was most pleased with you.
You visited 1 branch of the dungeon, and saw 7 of its levels.

You collected 370 gold pieces.

Inventory:

Hand Weapons
 a - a +1 vorpal hand axe (weapon)
 o - a +0 flail
Missiles
 d - 11 poisoned darts
 j - 2 javelins
 s - 5 boomerangs of dispersal (quivered)
 y - 2 throwing nets
Armour
 f - a +2 helmet of see invisible (worn)
 n - a +0 ring mail
 u - a +3 leather armour (worn)
 x - a +1 cloak of preservation (worn)
Jewellery
 b - an amulet of regeneration (around neck)
 e - a ring of willpower (left hand)
 A - a +6 ring of intelligence
Wands
 c - a wand of flame (30)
 r - a wand of polymorph (5)
 D - a wand of iceblast (3)
Scrolls
 l - 2 scrolls of silence
 v - 2 scrolls of teleportation
 w - a scroll of blinking
 z - a scroll of fog
 B - 4 scrolls of brand weapon
 C - 2 scrolls of magic mapping
Potions
 g - 5 potions of might
 h - 2 potions of flight
 i - a potion of resistance
 k - a potion of cancellation
 m - 7 potions of curing
 p - 2 potions of attraction
 q - 3 potions of brilliance
 t - 4 potions of lignification
 E - a potion of magic {unknown}
 F - a potion of haste {unknown}
 G - a potion of heal wounds {unknown}


   Skills:
 + Level 7.1 Fighting
 + Level 6.3 Axes
 + Level 6.0 Armour
 + Level 6.0 Dodging


You had 8 spell levels left.
You didn't know any spells.
Your spell library was empty.

Dungeon Overview and Level Annotations

Branches:
Dungeon (6/15)             Temple (0/1) D:5

Altars:
Ashenzari
Cheibriados
Sif Muna
Uskayaw

Shops:
D:5 (   D:6 :


Innate Abilities, Weirdness & Mutations

You have hoof-like feet.
You regenerate health from kills.


Message History

The yak misses you.
You hit the yak. Your kick misses the yak.
The yak is heavily wounded.
You slash the orc!
You kill the orc!
Trog accepts your kill.
You hit the yak. x3; The yak gores you but does no damage.
The yak closely misses you.
The yak gores you but does no damage. x2
You hit the yak but do no damage. Your kick misses the yak.
The yak is moderately wounded.
You hit the yak. x2; You hit the yak but do no damage.
The yak closely misses you. The yak gores you. The yak barely misses you. x2
You hit the yak but do no damage. You kick the yak.
The yak is moderately wounded.
You hit the yak but do no damage. x2; You barely miss the yak.
The yak gores you. The yak barely misses you. The yak closely misses you.
The yak gores you but does no damage.
You closely miss the yak.
The yak is moderately wounded.
You hit the yak but do no damage. x2; You hit the yak.
The yak barely misses you. The yak gores you!
The yak gores you but does no damage. The yak misses you.
You hit the yak but do no damage. You kick the yak.
The yak is moderately wounded.
You hit the yak. x3; You hit the orc wizard.
The yak gores you!
The orc wizard hits you but does no damage.
The yak barely misses you. The yak gores you but does no damage.
The yak closely misses you.
You hit the yak. You kick the yak.
The yak is heavily wounded.
You hit the yak. x2; You hit the yak but do no damage.
You hit the orc wizard but do no damage.
The yak gores you but does no damage.
The orc wizard hits you but does no damage.
The yak gores you!
* * * LOW HITPOINT WARNING * * *
The yak gores you!
* * * LOW HITPOINT WARNING * * *
The yak gores you!
You die...

#. #..
#..############
#$.............
#..............
#..............
#$.....o.......
#.....oYY....!.
#.....Y@.......
#.....Y........
#..............
#..............
#.......<......
###############


You could see 4 yaks, an orc wizard (invisible) and an orc.

Vanquished Creatures
  Sigmund (D:2)
  6 humans (D:6)
  4 water moccasins
  2 sky beasts
  An ogre (D:5)
  A kobold brigand (D:4)
  A necrophage (D:4)
  2 scorpions (D:5)
  A jelly (D:6)
  A hound (D:6)
  3 iguanas (D:5)
  Jessica (D:3)
  Natasha (thrice) (D:3)
  Terence (D:3)
  An orc wizard (D:6)
  Robin (D:2)
  6 adders
  13 gnolls
  A shadow imp (D:6)
  2 white imps
  2 worms
  3 dart slugs
  13 orcs
  6 ball pythons
  6 endoplasms
  4 giant cockroaches
  14 goblins
  9 hobgoblins
  3 jackals (D:1)
  6 quokkas
  9 bats
  3 frilled lizards
  5 kobolds
  5 rats
140 creatures vanquished.

Vanquished Creatures (others)
  4 fungi (D:5)
4 creatures vanquished.

Grand Total: 144 creatures vanquished

Notes
Turn   | Place    | Note
-------+----------+-------------------------------------------
     0 | D:1      | sammy202020 the Demonspawn Berserker began the quest for
                  | the Orb.
     0 | D:1      | Reached XP level 1. HP: 18/18 MP: 1/1
   162 | D:1      | Gained mutation: You have large cloven feet. [demonic
                  | ancestry]
   162 | D:1      | Reached XP level 2. HP: 21/24 MP: 2/2
   738 | D:1      | Gained mutation: You regenerate a little health from kills.
                  | [demonic ancestry]
   738 | D:1      | Reached XP level 3. HP: 29/29 MP: 3/3
   739 | D:1      | Reached ** piety under Trog
   753 | D:1      | Found a faded altar of an unknown god.
  1058 | D:2      | Noticed Robin
  1082 | D:2      | Killed Robin
  1120 | D:2      | Reached XP level 4. HP: 24/36 MP: 4/4
  1431 | D:2      | Noticed Sigmund
  1451 | D:2      | Killed Sigmund
  1452 | D:2      | Reached skill level 4 in Fighting
  1452 | D:2      | Reached XP level 5. HP: 6/42 MP: 5/5
  1763 | D:2      | Reached XP level 6. HP: 43/48 MP: 6/6
  2148 | D:3      | Noticed Terence
  2160 | D:3      | Killed Terence
  2298 | D:3      | Found a snail-covered altar of Cheibriados.
  2302 | D:3      | Found a broken altar of Ashenzari.
  2303 | D:3      | Found a hide-covered altar of Uskayaw.
  2303 | D:3      | Found a shimmering blue altar of Sif Muna.
  2304 | D:3      | Noticed Jessica
  2311 | D:3      | Killed Jessica
  2311 | D:3      | Reached *** piety under Trog
  2417 | D:3      | Noticed Natasha
  2427 | D:3      | Killed Natasha
  2514 | D:3      | Noticed Natasha
  2524 | D:3      | Killed Natasha
  2575 | D:3      | Noticed Natasha
  2584 | D:3      | Killed Natasha
  2706 | D:4      | Gained mutation: You have hoof-like feet. [demonic
                  | ancestry]
  2706 | D:4      | Reached XP level 7. HP: 42/55 MP: 7/7
  2761 | D:4      | Reached skill level 5 in Fighting
  3085 | D:5      | Entered Level 5 of the Dungeon
  3303 | D:5      | Found Kaecuesao's Weapon Shoppe.
  3347 | D:5      | Found a staircase to the Ecumenical Temple.
  3505 | D:5      | Reached skill level 5 in Axes
  3512 | D:5      | Gained mutation: You regenerate health from kills. [demonic
                  | ancestry]
  3512 | D:5      | Reached XP level 8. HP: 63/63 MP: 8/8
  4128 | D:6      | Reached skill level 6 in Fighting
  4128 | D:6      | Reached skill level 5 in Armour
  4128 | D:6      | Reached skill level 5 in Dodging
  4137 | D:6      | Reached XP level 9. HP: 68/71 MP: 9/9
  4175 | D:6      | Found Xufav's Book Shoppe.
  4231 | D:6      | Reached skill level 7 in Fighting
  4689 | D:6      | You fall into a shaft and drop 3 floors!
  4699 | D:9      | Slain by a yak

Illustrated notes

Levels and vault maps discovered:
D:1:      dpeg_arrival_line_fractal, layout_loops_cross,
          ebering_ecumenical_altar_abandoned
D:2:      layout_loops_ring, uniq_sigmund, uniq_robin
D:3:      layout_loops_ring, grunt_temple_overflow_open, uniq_terence,
          uniq_jessica, uniq_natasha
D:4:      layout_rooms
D:5:      layout_loops_ring, minmay_temple_entry_hall, serial_shops, shop,
          serial_aquarium, aquarium_bridge_square [aquarium_subvault_wall,
          aquarium_subvault_bridge, aquarium_subvault_window,
          aquarium_subvault_wall], aquarium_window_fake, aquarium_window_2,
          aquarium_window_corner, aquarium_view_2f, aquarium_view_2b,
          aquarium_pool_five, minmay_pentangle
D:6:      layout_layer_cave, serial_shops, shop, nicolae_shop_behind_doors,
          shop, nicolae_shop_hallway_plus, minmay_ruffians
D:9:      layout_long_grid, enter_bailey_3, uniq_pikel

Skill      XL: |  1  2  3  4  5  6  7  8  9 |
---------------+----------------------------+-----
Armour         | 2 3 4 5 6 |  6.0
Dodging        | 2 3 4 5 6 |  6.0
Axes           | 3 4 5 6 |  6.3
Fighting       | 4 5 6 7 |  7.1

Action                   |  1- 3 |  4- 6 |  7- 9 || total
-------------------------+-------+-------+-------++-------
Melee: Hand axe          |    98 |   140 |   220 ||   458
       Kick              |    16 |    39 |    66 ||   121
       Punch             |     2 |     3 |     5 ||    10
       Unarmed           |       |     2 |       ||     2
Throw: Dart              |     5 |       |       ||     5
Invok: Berserk           |     2 |     2 |     3 ||     7
       Trog's Hand       |     2 |       |     3 ||     5
  Use: Scroll            |       |    11 |     8 ||    19
 Stab: Sleeping          |     5 |       |       ||     5
Armor: Animal skin       |    27 |       |       ||    27
       Ring mail         |    10 |    46 |     5 ||    61
       Leather armour    |       |       |   108 ||   108
Dodge: Dodged            |    84 |    84 |   195 ||   363

Table legend: (Time is in decaauts)
 A = Elapsed time spent in this place.
 B = Non-inter-level travel time spent in this place.
 C = Inter-level travel time spent in this place.
 D = Time resting spent in this place.
 E = Time spent auto-exploring this place.
 F = Levels seen in this place.
 G = Mean time per level.
                   A        B        C        D        E       F      G
               +--------+--------+--------+--------+--------+-----+--------+
         Total |   4818 |   4746 |     72 |     54 |   3313 |   7 |  688.3 |
       Dungeon |   4818 |   4746 |     72 |     54 |   3313 |   7 |  688.3 |
               +--------+--------+--------+--------+--------+-----+--------+

Top non-repeatable levels by time:
     D:2: 1250 daAuts
     D:5: 1042 daAuts
     D:1: 866 daAuts
     D:3: 620 daAuts
     D:6: 589 daAuts
     D:4: 440 daAuts
     D:9: 9 daAuts
